Semilg, lawful male giant Samurai -- ------- . |..|^.| -.- ---- |#)-#.| |..--..| |.....| |..>..%---- |.....| | |..@........- |.....| ---@.j....--- |-|------ .--....| | ----+-----.......| --+-- --- |..- |..................-- ..... -..| | ------.........| ...------- -.| |.....----- -.......| -- |.....+ -..<...- -.....| |........- ......| -.....-- ..| -------- --.|..| --- ------ Semilg the Ninja Experience level: 6 Strength: 18/01 Dexterity: 19 Constitution: 19 Intelligence: 9 Wisdom: 8 Charisma: 6 Health: 0(64) Energy: 15(15) Def: 11 Gold: 185 Moves: 2004 Dungeon seed: HS2ojhwIN9pNy5g_ Game ID: Semilg_1553011883 Your Inventory: Coins $ - 185 gold pieces Weapons a - an uncursed +0 katana (weapon in hand) b - an uncursed +2 wakizashi (alternate weapon; not wielded) c - an uncursed +1 yumi d - 41 uncursed +0 ya (in quiver) z - a blessed +7 crossbow named Crossbow of Justice B - 4 cursed -3 crossbow bolts N - an uncursed +0 aklys O - 10 cursed -4 silver arrows Armor q - a blessed +0 pair of water walking boots (being worn) Comestibles K - an uncursed gunyoki Scrolls l - an uncursed scroll of scare monster p - an uncursed scroll of create monster s - an uncursed scroll of remove curse t - an uncursed scroll of confuse monster J - an uncursed scroll of stinking cloud P - an uncursed scroll of enchant armor Q - a blessed scroll of confuse monster Potions i - an uncursed potion of hallucination j - a potion of holy water M - a blessed potion of extra healing Wands f - an uncursed wand of probing (0:3) m - an uncursed wand of enlightenment (0:11) Tools g - an uncursed blindfold I - an uncursed skeleton key Spells and supernatural/magical abilities: Name Level Category Fail Memory W - pray for help -- divine ? -- Your skills at the end: Miscellaneous Skills martial arts [Basic] wands [Basic] Weapon Skills short sword [Basic] long sword [Basic] bow [Basic] sling [Basic] Spellcasting Skills Final Attributes: You were stridently aligned. You had infravision. You were very stealthy. You could walk on water. You were fast. You were unlucky. You are dead. Vanquished creatures: a watchman a gnome king a bugbear a shrieker 2 gnome lords 3 gnomish wizards a giant ant a puppy a floating eye a kitten 2 dwarves 2 coyotes 2 hobbits a large kobold 3 geckos a hobgoblin 6 giant rats 17 gnomes 6 garter snakes 3 manes 8 newts 7 grid bugs 71 creatures vanquished. Voluntary challenges: You were vegetarian. You did not adorn yourself with jewelry or accessories. You did not cause conflict. You were not invisible. You did not have reflection. You were not displaced. You were an atheist. You used a wielded weapon 96 times, starting on turn 40. You did not use tools. You did not use plumbed fixtures. You did not drink any magical draughts. You read items or engraved 3 times, starting on turn 722. You never genocided any monsters. You never polymorphed an object. You never changed form. You used no wishes. You never split a pudding. You never wrote Elbereth's name. You violated bushido, losing 3 points of alignment, starting on turn 1954. Dungeon overview: The Dungeons of Doom: levels 1 to 4 Level 1 some fountains a long staircase Level 2 a wand shop Level 3 a general store stairs to The Gnomish Mines Level 4 The Gnomish Mines: levels 4 to 8 Level 4 stairs to The Dungeons of Doom Level 5 Level 6 Level 7 <- You were here Level 8 History has recorded: On T:1 you entered the Dungeons of Doom to retrieve the Amulet of Yendor! On T:36 you reached level 2 of The Dungeons of Doom. On T:368 you reached level 3 of The Dungeons of Doom. On T:738 you reached level 4 of The Dungeons of Doom. On T:739 you advanced to experience level 2. On T:994 you reached level 1 of The Gnomish Mines. On T:1028 you advanced to experience level 3. On T:1040 you advanced to experience level 4. On T:1276 you reached level 2 of The Gnomish Mines. On T:1352 you advanced to experience level 5. On T:1439 you reached level 3 of The Gnomish Mines. On T:1833 you advanced to experience level 6. On T:1935 you reached level 4 of The Gnomish Mines. On T:1970 you reached level 5 of The Gnomish Mines. Score breakdown: Gold: 185 ( 18 points) Experience: 6 levels ( 500 points) Exploration: 8 levels ( 210 points) Discoveries: 18 items ( 900 points) Variety of kills: 22 monsters ( 1100 points) Major goal: (nothing yet) ( 0 points) Survival: died (score multiplied by 3) Total score: 8184 Latest messages: The gnome king misses. You kill the gnome king! You see here a gnome king corpse. You kill the gnome! You see here 5 daggers. You can't go down here. You kill the bugbear! Crocker wields a silver saber! Crocker swings her silver saber at you. Crocker slashes you! You slash Crocker! Crocker swings her silver saber at you. Crocker hacks you! Crocker swings her silver saber at you. Crocker slashes you! You slash Crocker! You hack Crocker! Crocker swings her silver saber at you. Crocker hacks you! Crocker swings her silver saber at you. Crocker hacks you! You die... Final status: Sayonara Semilg the Samurai, killed by a watch captain called "Crocker"... You died in The Gnomish Mines on dungeon level 7 with 8184 points, and 185 pieces of gold, after 2004 moves. You were level 6 with a maximum of 64 hit points when you died.